 Dungeon Crawl Stone Soup version 0.28.0-53-g5a82cb258f (webtiles) character file.

Game seed: 10366902542196773794

988 issech the Chopper (level 7, 0/61 HPs)
             Began as a Minotaur Monk on June 19, 2022.
             Slain by a gnoll sergeant
             ... wielding a +6 flail
              (15 damage)
             ... on level 3 of the Dungeon.
             The game lasted 00:09:31 (3491 turns).

issech the Chopper (Minotaur Monk)                  Turns: 3491, Time: 00:09:31

Health: 0/61       AC:  9    Str: 15    XL:     7   Next: 97%
Magic:  6/6        EV:  9    Int:  7    God:
Gold:   191        SH: 14    Dex: 15    Spells: 6/6 levels left

rFire   . . .      SeeInvis .   a - +0 hand axe
rCold   . . .      Faith    .   h - +0 kite shield
rNeg    . . .      Spirit   .   d - +0 scale mail
rPois   .          Reflect  +   (helmet restricted)
rElec   .          Harm     .   (no cloak)
rCorr   .          Rampage  .   (no gloves)
Will    +....                   i - +1 pair of boots
Stlth   +.........              j - amulet of reflection
HPRegen 0.20/turn               s - ring of willpower
MPRegen 0.10/turn               (no ring)

@: no status effects
A: horns 2, retaliatory headbutt
a: no special abilities


You were on level 3 of the Dungeon.
You visited 1 branch of the dungeon, and saw 4 of its levels.

You collected 191 gold pieces.

Inventory:

Hand Weapons
 a - a +0 hand axe (weapon)
 x - a +0 halberd
Missiles
 b - 115 stones
 f - 6 poisoned darts (quivered)
 l - 14 sling bullets
 m - 39 arrows
 o - 51 bolts
 p - 5 boomerangs
 y - 5 datura-tipped darts
Armour
 d - a +0 scale mail (worn)
 h - a +0 kite shield (worn)
 i - a +1 pair of boots (worn)
 w - a scarf of harm
Jewellery
 j - an amulet of reflection (around neck)
 s - a ring of willpower (left hand)
Wands
 t - a wand of polymorph (5)
Scrolls
 c - 3 scrolls of magic mapping {unknown}
 e - a scroll of holy word {unknown}
 g - 6 scrolls of identify {unknown}
 n - a scroll of noise {unknown}
 r - a scroll of fog {unknown}
 u - a scroll of enchant armour {unknown}
 v - a scroll of teleportation {unknown}
Potions
 k - 2 potions of curing {unknown}
 q - a potion of cancellation {unknown}


   Skills:
 + Level 5.3 Fighting
 + Level 7.5 Axes
 + Level 4.4 Armour
 + Level 4.9 Dodging
 + Level 1.9 Stealth
 + Level 4.4 Shields


You had 6 spell levels left.
You didn't know any spells.
Your spell library was empty.

Dungeon Overview and Level Annotations

Branches:
Dungeon (4/15)
 Temple: D:4-7

Altars:
Cheibriados
Fedhas
Kikubaaqudgha
Sif Muna
Uskayaw
Wu Jian

Shops:
D:3 (   D:4 !


Innate Abilities, Weirdness & Mutations

You have a pair of horns on your head.
You reflexively headbutt those who attack you in melee.


Message History

The gnoll sergeant is moderately wounded.
You block the gnoll sergeant's attack. The gnoll sergeant barely misses you.
The gnoll sergeant blocks your attack.
You headbutt the gnoll sergeant, but do no damage.
The gnoll sergeant is moderately wounded.
You block the gnoll sergeant's attack. The gnoll sergeant blocks your attack.
The gnoll sergeant is moderately wounded.
You block the gnoll sergeant's attack. The gnoll sergeant blocks your attack.
The gnoll sergeant is moderately wounded.
You block the gnoll sergeant's attack. The gnoll sergeant blocks your attack.
You headbutt the gnoll sergeant, but do no damage.
The gnoll sergeant is moderately wounded.
You block the gnoll sergeant's attack.
You barely miss the gnoll sergeant.
The gnoll sergeant is moderately wounded.
The gnoll sergeant closely misses you. The gnoll sergeant blocks your attack.
The gnoll sergeant is moderately wounded.
You block the gnoll sergeant's attack.
You hit the gnoll sergeant but do no damage.
The gnoll sergeant is moderately wounded.
The gnoll sergeant hits you but does no damage.
You hit the gnoll sergeant but do no damage.
The gnoll sergeant is moderately wounded.
The gnoll sergeant hits you with a +6 flail.
The gnoll sergeant blocks your attack.
The gnoll sergeant is moderately wounded.
The gnoll sergeant hits you with a +6 flail!
The gnoll sergeant blocks your attack.
The gnoll sergeant is moderately wounded.
The gnoll sergeant hits you with a +6 flail.
The gnoll sergeant blocks your attack.
The gnoll sergeant is moderately wounded.
The gnoll sergeant hits you with a +6 flail.
* * * LOW HITPOINT WARNING * * *
The gnoll sergeant hits you with a +6 flail!
You die...

#.###########≈≈.#...#.≈≈##
#...........#≈≈.##_##.≈≈#
#..###########≈≈.###.≈≈##
#######..###### #.##≈≈≈≈≈≈≈##
..............# #.####≈≈≈###
###.###..####.# #.# ##### #.#
#..# #.# #.# #.# #..# #.####.# ##
###.###..# ##.##@#.######### #.
......#..###.>..#g.........# ##.
###.#.#........###.#######.####..
#.#.##.###..## ##>.............
#.#.##.# ##..###.#######.####..
#.#....# #.#.#.## #.#####.
#.###### #.##.## #.......
#.#########.#### ########
#.........<.#


You could see a gnoll sergeant.

Vanquished Creatures
  Pikel (D:3)
  A sky beast (D:4)
  An ogre (D:4)
  A lemure (D:3)
  A bullfrog skeleton (D:4)
  A hound (D:4)
  A centaur skeleton (D:4)
  A gnoll shaman (D:4)
  2 orc wizards (D:3)
  A hound skeleton (D:4)
  4 gnolls (D:4)
  5 adders
  A white imp (D:4)
  3 worms
  4 dart slugs
  2 orcs (D:3)
  6 endoplasms
  6 giant cockroaches
  4 goblins
  7 hobgoblins
  A jackal (D:3)
  A quokka (D:1)
  6 ball pythons
  2 bats (D:1)
  4 frilled lizards
  3 kobolds
  6 rats
76 creatures vanquished.

Vanquished Creatures (others)
  2 plants (D:3)
2 creatures vanquished.

Grand Total: 78 creatures vanquished

Notes
Turn   | Place    | Note
-------+----------+-------------------------------------------
     0 | D:1      | issech the Minotaur Monk began the quest for the Orb.
     0 | D:1      | Reached XP level 1. HP: 19/19 MP: 0/0
   112 | D:1      | Reached XP level 2. HP: 15/27 MP: 1/1
   163 | D:1      | Reached skill level 4 in Axes
   322 | D:1      | Found a faded altar of an unknown god.
  1011 | D:2      | Reached XP level 3. HP: 33/33 MP: 2/2
  1162 | D:2      | Found a blossoming altar of Fedhas.
  1468 | D:3      | Reached XP level 4. HP: 25/40 MP: 3/3
  1707 | D:3      | Found an ancient bone altar of Kikubaaqudgha.
  1972 | D:3      | Reached skill level 1 in Armour
  2036 | D:3      | Found Wexoz's Weapon Shop.
  2325 | D:3      | Found a shimmering blue altar of Sif Muna.
  2350 | D:3      | Reached skill level 5 in Axes
  2350 | D:3      | Reached XP level 5. HP: 40/47 MP: 4/4
  2603 | D:4      | Reached skill level 1 in Shields
  2776 | D:4      | Found a hide-covered altar of Uskayaw.
  2795 | D:4      | Noticed Edmund
  2803 | D:4      | Noticed an ogre
  2903 | D:4      | Killed an ogre
  2904 | D:4      | Reached XP level 6. HP: 52/53 MP: 5/5
  2940 | D:4      | Noticed a sky beast
  2951 | D:4      | Killed a sky beast
  2952 | D:4      | Reached skill level 6 in Axes
  3060 | D:4      | Found a snail-covered altar of Cheibriados.
  3168 | D:4      | Found an ornate altar of the Wu Jian Council.
  3220 | D:4      | Found Halen's Distillery.
  3234 | D:4      | Reached XP level 7. HP: 54/60 MP: 6/6
  3341 | D:4      | Noticed Pikel
  3477 | D:3      | Killed Pikel
  3478 | D:3      | Reached skill level 5 in Fighting
  3478 | D:3      | Reached skill level 7 in Axes
  3491 | D:3      | Slain by a gnoll sergeant

Illustrated notes

Levels and vault maps discovered:
D:1:      tarquinn_simple_flora_water_a, layout_basic,
          hellmonk_ecumenical_altar_zigzags
D:2:      layout_rooms, basic_altar
D:3:      layout_loops_ring, kennysheep_orc_sif_temple,
          mainiacjoe_overflow_24_doors, serial_shops,
          nicolae_shop_bloodbath_and_beyond, serial_bayou_pond_b
D:4:      layout_rooms, beargit_hepliaklqana_dungeon_heroes,
          nicolae_uskayaw_dance_hall, mainiacjoe_overflow_cross_hatched,
          cheibriados_altar_1, serial_shops, shop, uniq_pikel, uniq_edmund

Skill      XL: |  1  2  3  4  5  6  7 |
---------------+----------------------+-----
Axes           | 4 5 6 7 |  7.5
Fighting       | 4 5 |  5.3
Armour         | 2 3 4 |  4.4
Dodging        | 4 |  4.9
Shields        | 1 2 4 |  4.4
Stealth        | |  1.9

Action                   |  1- 3 |  4- 6 |  7- 9 || total
-------------------------+-------+-------+-------++-------
Melee: Hand axe          |    86 |   153 |    60 ||   299
       Headbutt          |     8 |    39 |    15 ||    62
 Stab: Sleeping          |     1 |       |       ||     1
Armor: Robe              |     5 |       |       ||     5
       Scale mail        |    21 |    56 |    11 ||    88
Dodge: Dodged            |    41 |    52 |     7 ||   100
Block: Kite shield       |    36 |    92 |    37 ||   165
       Reflection        |     1 |       |       ||     1
